 Dungeon Crawl Stone Soup version 0.30-a0-613-gdd512c7efb (webtiles) character file.

Game seed: 2811574928176395845

101426 SolCadguy the Fencer (level 15, -10/141 HPs)
             Began as a Red Draconian Reaver on Jan 8, 2023.
             Was a High Priest of Okawaru.
             Mangled by a naga warrior
             ... wielding a +0 long sword
              (17 damage)
             ... on level 1 of the Snake Pit on Jan 9, 2023.
             The game lasted 02:23:19 (36866 turns).

SolCadguy the Fencer (Red Draconian Reaver)        Turns: 36866, Time: 02:23:20

Health: -10/141    AC: 28    Str: 15    XL:     15   Next: 83%
Magic:  18/27      EV: 11    Int: 25    God:    Okawaru [*****.]
Gold:   2382       SH:  0    Dex: 16    Spells: 9/30 levels left

rFire   . . .      SeeInvis .    O - +8 great sword of Beastly Gallantry {heavy, Will- Dex+5}
rCold   x . .      Faith    .    (shield currently unavailable)
rNeg    . . .      Spirit   .    (body armour unavailable)
rPois   +          Reflect  .    (helmet restricted)
rElec   .          Harm     .    v - +2 cloak
rCorr   .          Rampage  .    a - +1 pair of gloves
Will    .....                    R - +1 pair of boots of Satisfaction {+Blink rF+ rC+}
Stlth   +                        C - amulet of Elemental Vulnerability {rPois rF-- rC-- AC+8}
HPRegen 0.43/turn                p - +4 ring of protection
MPRegen 0.20/turn                t - +6 ring of intelligence

@: slowed, constricted, very slow
A: breathe fire, AC +9, unfitting armour, fire resistance 1, cold-blooded
a: Breathe Fire, Renounce Religion, Evoke Blink, Heroism, Finesse, Duel


You were on level 1 of the Snake Pit.
You worshipped Okawaru.
Okawaru was extremely pleased with you.
You visited 5 branches of the dungeon, and saw 24 of its levels.
You also visited: Ice Cave.

You collected 2652 gold pieces.
You spent 270 gold pieces at shops.

Inventory:

Hand Weapons
 o - a +2 great sword of holy wrath
 G - a +4 long sword of freezing
 O - the +8 great sword of Beastly Gallantry (weapon) {heavy, Will- Dex+5}
   (Okawaru gifted it to you on level 3 of the Lair of Beasts)

   Dex:       It affects your dexterity (+5).
   Will:      It decreases your willpower.
 X - a +4 scimitar of flaming
Missiles
 l - 8 poisoned darts (quivered)
Armour
 a - a +1 pair of gloves (worn)
 j - a +0 buckler
 r - the +0 pair of boots "Wimokuysk" {rElec Will+}
   (Okawaru gifted it to you on level 15 of the Dungeon)

   rElec:     It insulates you from electricity.
   Will:      It increases your willpower.
 v - a +2 cloak (worn)
 R - the +1 pair of boots of Satisfaction (worn) {+Blink rF+ rC+}
   (Okawaru gifted it to you on level 4 of the Lair of Beasts)

   rF:        It protects you from fire.
   rC:        It protects you from cold.
   +Blink:    It lets you blink.
Magical Staves
 L - a staff of fire
Jewellery
 i - an amulet of reflection
 p - a +4 ring of protection (left hand)
 t - a +6 ring of intelligence (right hand)
 C - the amulet of Elemental Vulnerability (around neck) {rPois rF-- rC-- AC+8}
   (You found it on level 8 of the Dungeon)

   [amulet of nothing]

   AC:        It affects your AC (+8).
   rF:        It makes you very vulnerable to fire.
   rC:        It makes you very vulnerable to cold.
   rPois:     It protects you from poison.
 F - a ring of see invisible
 H - a ring of ice
 T - a ring of fire
 V - a +4 ring of protection
Wands
 g - a wand of flame (37)
 h - a wand of charming (5)
 k - a wand of roots (39)
 s - a wand of mindburst (3)
 y - a wand of polymorph (7)
 P - a wand of digging (4)
Scrolls
 b - 2 scrolls of fear
 e - 3 scrolls of amnesia
 f - 23 scrolls of identify
 n - a scroll of teleportation
 x - a scroll of torment
 J - a scroll of magic mapping
 N - a scroll of fog
 Q - a scroll of summoning
Potions
 d - 5 potions of brilliance
 m - a potion of invisibility
 q - 4 potions of attraction
 u - 2 potions of cancellation
 w - 3 potions of lignification
 z - 2 potions of haste
 A - 4 potions of curing
 D - a potion of resistance
 E - a potion of flight
 K - 9 potions of ambrosia
 S - 3 potions of might
 U - a potion of heal wounds


   Skills:
 + Level 15.6 Fighting
 + Level 16.9 Long Blades
 - Level 5.1 Dodging
 - Level 3.3 Shields
 - Level 8.1 Spellcasting
 + Level 7.0 Conjurations
 - Level 3.4 Necromancy
 - Level 8.3 Translocations
 - Level 3.0 Fire Magic
 - Level 6.5 Air Magic
 - Level 10.1 Invocations


You had 9 spell levels left.
You knew the following spells:

 Your Spells              Type           Power      Damage    Failure   Level
a - Kiss of Death         Conj/Necr      100%       2d13      1%          1
b - Momentum Strike       Conj/Tloc      96%        3d10      1%          2
c - Blink                 Tloc           100%       N/A       1%          2
d - Vhi's Electric Charg  Tloc/Air       94%        N/A       1%          3
e - Manifold Assault      Tloc           51%        N/A       1%          4
f - Arcjolt               Conj/Air       22%        1d32      10%         5
g - Sticky Flame          Conj/Fire      35%        2d5       8%          4

Your spell library contained the following spells:

 Spells                   Type           Power      Damage    Failure   Level
 Magic Dart               Conj           100%       1d8       1%          1
 Searing Ray              Conj           90%        2d7       1%          2
 Static Discharge         Conj/Air       88%        2-6/arc   1%          2
 Kindle Blastsparks       Fire/Tloc/Air  80%        2d16      1%          3
 Swiftness                Air            43%        N/A       1%          3
 Portal Projectile        Hex/Tloc       62%        N/A       3%          3
 Hailstorm                Conj/Ice       27%        3d7       4%          3
 Stone Arrow              Conj/Erth      54%        3d10      4%          3
 Vampiric Draining        Necr           27%        2d7       4%          3
 Slow                     Hex            40%        N/A       6%          1
 Ensorcelled Hibernation  Hex/Ice        20%        N/A       9%          2
 Passwall                 Tmut/Erth      8%         N/A       9%          2
 Iskenderun's Battlesphe  Conj           45%        2d10      9%          5
 Inner Flame              Hex/Fire       17%        N/A       10%         3
 Lightning Bolt           Conj/Air       22%        1d37      10%         5
 Ignite Poison            Fire/Tmut/Pois 15%        N/A       12%         3
 Fulminant Prism          Conj/Hex       13%        3d9       14%         4
 Confusing Touch          Hex            10%        N/A       19%         3
 Freezing Cloud           Conj/Ice/Air   16%        6-21      26%         5
 Conjure Ball Lightning   Conj/Air       22%        3x3d6     50%         6
 Blade Hands              Tmut           5%         N/A       86%         5
 Iron Shot                Conj/Erth      13%        9d3       91%         6
 Storm Form               Tmut/Air       13%        N/A       100%        7
 Maxwell's Capacitive Co  Air            21%        ∞         100%        8
 Chain Lightning          Conj/Air       22%        3d29      100%        9
 Tukima's Dance           Hex            Unusable   N/A       N/A         3
 Animate Armour           Summ/Erth      Unusable   N/A       N/A         4
 Haunt                    Necr/Summ      Unusable   N/A       N/A         7
 Dragon's Call            Summ           Unusable   N/A       N/A         9

Dungeon Overview and Level Annotations

Branches:
Dungeon (15/15)            Temple (1/1) D:4            Lair (5/5) D:11
 Shoals (0/4) Lair:3        Snake (1/4) Lair:2          Orc (2/2) D:10
    Elf (0/3) Orc:2        Vaults (0/5) D:13         Depths (0/4) D:15
  IceCv (visited)
  Slime: Lair:4-5

Altars:
Ashenzari
Cheibriados
Dithmenos
Elyvilon
Fedhas
Gozag
Hepliaklqana
Kikubaaqudgha
Makhleb
Nemelex Xobeh
Okawaru
Qazlal
Ru
Sif Muna
Trog
Uskayaw
Vehumet
Wu Jian
Xom
Yredelemnul
Zin
The Shining One
Jiyva
Lugonu

Shops:
D:10 !   Orc:2 !*[*(

Annotations:
D:12 3 transporters
D:13 2 transporters
D:15 Roxanne
Lair:4 exclusion: 2 oklob plants
Lair:5 2 transporters, porpoise's ghost, journeyman GnWn


Innate Abilities, Weirdness & Mutations

You can breathe blasts of fire.
Your fiery red scales are hard. (AC +9)
You cannot fit into any form of body armour.
Your flesh is heat resistant. (rF+)
You are cold-blooded and may be slowed by cold attacks.


Message History

You slash the salamander and electrocute it!
The salamander is lightly wounded.
The salamander unwields a +2 shortbow of flaming.
It stops flaming.
The salamander hits you.
You are engulfed in flames!
The naga warrior spits poison at you. The splash of poison misses you.
The salamander hits you but does no damage.
The naga warrior hits you but does no damage.
The naga warrior grabs you. The naga warrior constricts you.
You hit the salamander.
The salamander is lightly wounded.
The salamander hits you.
You are engulfed in flames!
The naga warrior roars a battlecry!
The salamander goes into a battle-frenzy!
The naga warrior constricts you.
The salamander hits you but does no damage.
You open the salamander like a pillowcase!!!
The salamander is almost dead.
The naga warrior hits you but does no damage.
The naga warrior constricts you.
* * * LOW HITPOINT WARNING * * *
The salamander hits you.
* * * LOW HITPOINT WARNING * * *
You are engulfed in flames!
* * * LOW HITPOINT WARNING * * *
The naga warrior hits you but does no damage.
The naga warrior constricts you. The salamander hits you.
* * * LOW HITPOINT WARNING * * *
You are engulfed in flames!
* * * LOW HITPOINT WARNING * * *
You feel better.
The naga warrior hits you but does no damage.
The naga warrior constricts you.
* * * LOW HITPOINT WARNING * * *
The salamander hits you.
* * * LOW HITPOINT WARNING * * *
You are engulfed in flames!
* * * LOW HITPOINT WARNING * * *
The naga warrior hits you with a +0 long sword!
You die...

................##
...#............#
#.#....)........
#....).<)......# ###
##....[......## ##..
#....)...##### ###...
..##..))#######.###.....
...###.)######.....##...
.....##@.##.......###...
......N.N.....#...# ##..
......##....###..### #..
......##....###....###..
........##.).##......##.
...>...[####......)....#
.........##.....)......#
.........##......>....##
.##.....##..........##..


You could see a naga warrior and a salamander (strong).

Vanquished Creatures
  Jorgrun (D:14)
  Rupert (D:15)
  Aizul (Snake:1)
  A reaper (IceCv)
  A fire dragon (D:15)
  Snorg (Arena)
  An ice dragon (D:15)
  6 hydras
  A merfolk avatar (Lair:5)
  The ghost of ragingrage the Carver, a journeyman FoDe of Cheibriados (D:11)
  7 boulder beetles
  4 catoblepae
  4 centaur warriors
  A death knight (D:15)
  11 death yaks
  2 tengu warriors
  3 two-headed ogres
  Sonja (Lair:4)
  Urug (D:13)
  7 orc high priests (Orc:2)
  A shock serpent (Snake:1)
  A deep troll (D:13)
  6 orc knights
  2 harpies (Lair:5)
  2 deep elf pyromancers
  2 mana vipers (Snake:1)
  An orc sorcerer (Orc:1)
  5 cyclopes
  3 ugly things (D:14)
  4 salamanders (Snake:1)
  2 manticores
  6 black mambas
  Maurice (D:8)
  A guardian serpent (Snake:1)
  15 elephants
  A naga mage (Snake:1)
  Maggie (D:7)
  2 ice statues (IceCv)
  2 gargoyles (D:12)
  9 cane toads
  9 rime drakes
  7 komodo dragons
  6 ice devils (IceCv)
  An efreet (D:15)
  A kobold demonologist (D:14)
  An anaconda simulacrum (IceCv)
  2 freezing wraiths (D:14)
  A komodo dragon (shapeshifter) (D:13)
  2 tengu conjurers
  6 trolls
  5 meliai
  A queen bee (D:12)
  A wind drake (Lair:5)
  3 polar bears
  A meliai (shapeshifter) (D:15)
  A hornet (Lair:5)
  7 blink frogs
  2 dream sheep (Lair:3)
  3 snapping turtles (Lair:5)
  5 slime creatures
  2 shadows
  6 wyverns
  A water elemental (D:11)
  A dire elephant simulacrum (IceCv)
  59 yaks
  A vampire (D:11)
  A yak (shapeshifter) (D:15)
  3 basilisks
  2 death yak simulacra (IceCv)
  A redback simulacrum (D:14)
  6 vampire mosquitoes
  11 nagas
  3 steam dragons
  A harpy simulacrum (IceCv)
  A warg (Orc:2)
  3 acid dragons
  A hydra simulacrum (IceCv)
  14 water moccasins
  6 black bears
  34 orc warriors
  2 ice beasts (D:6)
  5 ogres
  33 wolves
  8 centaurs
  A phantom (D:5)
  16 bullfrogs
  2 kobold brigands
  A gnoll sergeant (D:8)
  3 two-headed ogre simulacra (IceCv)
  2 necrophages
  4 scorpions
  2 cane toad simulacra (IceCv)
  5 wights (D:9)
  An elephant simulacrum (IceCv)
  29 killer bees
  A howler monkey (D:5)
  8 electric eels
  3 jellies
  30 orc priests
  Crazy Yiuf (D:7)
  A hound (D:5)
  6 iguanas
  19 orc wizards
  7 hell rats
  3 spriggan simulacra (IceCv)
  A troll simulacrum (IceCv)
  Robin (D:2)
  21 gnolls
  A naga simulacrum (IceCv)
  8 adders
  15 white imps
  5 ufetubi
  5 dart slugs
  104 orcs
  9 ball pythons
  7 endoplasms
  3 giant cockroaches
  16 goblins
  4 hobgoblins
  11 kobolds
  4 bats
  4 frilled lizards
  5 rats
  A butterfly (Lair:1)
763 creatures vanquished.

Vanquished Creatures (others)
  An orc wizard (D:8)
  An ufetubus (IceCv)
  56 fungi
  68 plants
126 creatures vanquished.

Grand Total: 889 creatures vanquished

Notes
Turn   | Place    | Note
-------+----------+-------------------------------------------
     0 | D:1      | SolCadguy the Draconian Reaver began the quest for the Orb.
     0 | D:1      | Reached XP level 1. HP: 17/17 MP: 3/3
   111 | D:1      | Reached XP level 2. HP: 21/22 MP: 3/5
   209 | D:1      | Learned a level 2 spell: Momentum Strike
   384 | D:1      | Learned a level 2 spell: Blink
   471 | D:1      | Reached skill level 4 in Long Blades
   640 | D:2      | Noticed Robin
   660 | D:2      | Reached XP level 3. HP: 18/29 MP: 6/6
   683 | D:2      | Killed Robin
  1172 | D:2      | Reached skill level 5 in Long Blades
  1172 | D:2      | Reached XP level 4. HP: 36/36 MP: 4/7
  1878 | D:3      | Reached skill level 1 in Translocations
  2262 | D:3      | You fall into a shaft and drop 3 floors!
  2266 | D:5      | Entered Level 5 of the Dungeon
  2277 | D:4      | Got Haiv's Annotations on Assistive Topography
  2292 | D:4      | Reached XP level 5. HP: 34/39 MP: 6/8
  2313 | D:4      | Found a staircase to the Ecumenical Temple.
  2572 | D:3      | Noticed an ogre
  2578 | D:3      | Killed an ogre
  3010 | D:4      | Reached skill level 6 in Long Blades
  3010 | D:4      | Reached XP level 6. HP: 48/48 MP: 6/9
  3996 | D:5      | Your scales start taking on a fiery red colour.
  3996 | D:5      | Reached XP level 7. HP: 27/46 MP: 10/10
  3996 | D:5      | Gained mutation: Your flesh is heat resistant. (rF+) [Red
                  | Draconian growth]
  4610 | D:5      | Reached skill level 7 in Long Blades
  4993 | D:6      | Learned a level 3 spell: Vhi's Electric Charge
  5178 | D:6      | Reached XP level 8. HP: 55/58 MP: 13/13
  5290 | D:6      | Reached skill level 8 in Long Blades
  5290 | D:6      | Reached skill level 1 in Air Magic
  5295 | D:6      | Learned a level 4 spell: Manifold Assault
  5717 | D:7      | Reached skill level 5 in Translocations
  6009 | D:7      | Found a glowing silver altar of Zin.
  6039 | D:7      | Reached skill level 1 in Shields
  6452 | D:7      | Reached XP level 9. HP: 41/67 MP: 12/14
  6471 | D:7      | Reached skill level 9 in Long Blades
  6776 | D:7      | Noticed Maggie
  6801 | D:7      | Killed Maggie
  7483 | D:7      | Found a runed translucent door.
  7484 | D:7      | Noticed Crazy Yiuf
  7489 | D:7      | Killed Crazy Yiuf
  7621 | D:8      | Noticed Maurice
  7666 | D:8      | Killed Maurice
  7667 | D:8      | Reached skill level 10 in Long Blades
  8108 | D:7      | Reached XP level 10. HP: 55/78 MP: 10/15
  8625 | D:8      | Reached skill level 1 in Necromancy
  8728 | Temple   | Entered the Ecumenical Temple
  8768 | Temple   | Became a worshipper of Warmaster Okawaru
  9097 | D:8      | Reached * piety under Okawaru
  9101 | D:8      | Reached skill level 5 in Fighting
  9216 | D:8      | Found the amulet of Elemental Vulnerability {rPois rF--
                  | rC-- AC+8}
  9591 | D:8      | Noticed a two-headed ogre
  9605 | D:8      | Killed a two-headed ogre
  9605 | D:8      | Reached ** piety under Okawaru
 10482 | D:9      | Reached skill level 11 in Long Blades
 10526 | D:9      | Reached skill level 5 in Dodging
 10680 | D:9      | Found a hide-covered altar of Uskayaw.
 10686 | D:9      | Found a sacrificial altar of Ru.
 10687 | D:9      | Found an opulent altar of Gozag.
 10688 | D:9      | Found a sparkling altar of Nemelex Xobeh.
 10688 | D:9      | Found a white marble altar of Elyvilon.
 10688 | D:9      | Found a stormy altar of Qazlal.
 10688 | D:9      | Found a glowing golden altar of the Shining One.
 10688 | D:9      | Found a radiant altar of Vehumet.
 10689 | D:9      | Found a blossoming altar of Fedhas.
 10690 | D:9      | Found a basalt altar of Yredelemnul.
 10691 | D:9      | Found a shimmering blue altar of Sif Muna.
 10693 | D:9      | Found a bloodstained altar of Trog.
 10694 | D:9      | Found a burning altar of Makhleb.
 11086 | D:10     | Entered Level 10 of the Dungeon
 11166 | D:10     | Reached XP level 11. HP: 44/89 MP: 13/16
 11316 | D:10     | Found Zismusk's Distillery.
 11321 | D:10     | Bought a potion of degeneration for 14 gold pieces
 11407 | D:10     | Found a staircase to the Orcish Mines.
 11630 | D:10     | Reached *** piety under Okawaru
 11771 | D:10     | Found a shimmering altar of Xom.
 12151 | D:11     | Found a hazy altar of Hepliaklqana.
 12443 | D:11     | Noticed a two-headed ogre
 12460 | D:11     | HP: 1/78 [electric eel/bolt of electricity (9)]
 12462 | D:11     | Killed a two-headed ogre
 12720 | D:11     | Found a staircase to the Lair.
 12815 | D:11     | Reached **** piety under Okawaru
 12977 | D:11     | Found a runed translucent gate.
 12977 | D:11     | Found a runed translucent gate.
 12977 | D:11     | Noticed ragingrage's ghost (journeyman FoDe)
 12978 | D:11     | Found a runed translucent gate.
 13004 | D:11     | Identified the +2 robe of the Clam {rPois Str+4 Dex+3}
 13852 | D:11     | Found a viscous altar of Jiyva.
 13909 | Lair:1   | Entered Level 1 of the Lair of Beasts
 14227 | Lair:1   | Reached skill level 12 in Long Blades
 14227 | Lair:1   | Reached skill level 1 in Invocations
 14382 | Lair:1   | Reached skill level 5 in Spellcasting
 14560 | Lair:1   | Reached ***** piety under Okawaru
 14679 | Lair:1   | Reached XP level 12. HP: 71/103 MP: 3/19
 14808 | Lair:1   | Received a gift from Okawaru
 15071 | Lair:1   | Noticed a catoblepas
 15091 | Lair:1   | Killed a catoblepas
 15927 | Lair:2   | Reached skill level 5 in Invocations
 15998 | Lair:2   | Reached skill level 10 in Fighting
 15998 | Lair:2   | Reached skill level 13 in Long Blades
 16299 | Lair:2   | Found a staircase to the Snake Pit.
 16508 | Lair:2   | Noticed a death yak
 16508 | Lair:2   | Noticed a death yak
 16508 | Lair:2   | Noticed a death yak
 16508 | Lair:2   | Noticed a death yak
 16560 | Lair:1   | Killed a death yak
 16835 | Lair:2   | Noticed a death yak
 16856 | Lair:2   | Killed a death yak
 16865 | Lair:2   | Killed a death yak
 16865 | Lair:2   | Identified the +9 quick blade of Guibbun {pain, Dex+3}
                  | (Okawaru gifted it to you on level 2 of the Lair of Beasts)
 16865 | Lair:2   | Received a gift from Okawaru
 16879 | Lair:2   | Killed a death yak
 16888 | Lair:2   | Killed a death yak
 17119 | Lair:3   | Found a staircase to the Shoals.
 17323 | Lair:3   | Reached XP level 13. HP: 111/116 MP: 20/20
 17384 | Lair:3   | Identified the +8 great sword of Beastly Gallantry {heavy,
                  | Will- Dex+5} (Okawaru gifted it to you on level 3 of the
                  | Lair of Beasts)
 17384 | Lair:3   | Received a gift from Okawaru
 17559 | Lair:3   | Reached skill level 14 in Long Blades
 18247 | Lair:3   | Learned a level 5 spell: Arcjolt
 18496 | Lair:3   | Received a gift from Okawaru
 19132 | Lair:3   | You fall into a shaft and drop 1 floor!
 19207 | Lair:4   | Noticed Sonja
 19897 | Lair:4   | Found a viscous altar of Jiyva.
 20086 | Lair:4   | Killed Sonja
 20421 | Lair:4   | Reached ****** piety under Okawaru
 20421 | Lair:4   | Identified the +1 pair of boots of Satisfaction {+Blink rF+
                  | rC+} (Okawaru gifted it to you on level 4 of the Lair of
                  | Beasts)
 20421 | Lair:4   | Received a gift from Okawaru
 20579 | Lair:5   | Entered Level 5 of the Lair of Beasts
 21411 | Lair:5   | Noticed porpoise's ghost (journeyman GnWn)
 21420 | Lair:5   | Reached skill level 5 in Conjurations
 21420 | Lair:5   | Reached skill level 10 in Invocations
 21433 | Lair:5   | HP: 4/119 [elephant (8)]
 21463 | Lair:5   | Reached XP level 14. HP: 47/127 MP: 4/21
 22320 | Lair:5   | Reached skill level 15 in Long Blades
 23195 | Lair:5   | Found a transporter.
 23199 | Lair:5   | Found a transporter.
 23773 | Lair:5   | Identified the +7 trident "Mieb" {antimagic, rC+ Dex+4}
 24169 | Lair:2   | Identified a scroll of acquirement
 24171 | Lair:2   | Acquired the Treatise on Guile and Momentum
 24178 | Lair:2   | Learned a level 4 spell: Sticky Flame
 24250 | Orc:1    | Entered Level 1 of the Orcish Mines
 24391 | Orc:1    | Noticed Snorg
 24403 | Arena    | Entered the Arena
 24413 | Arena    | Killed Snorg
 24414 | Arena    | Reached skill level 1 in Fire Magic
 25231 | Orc:2    | Entered Level 2 of the Orcish Mines
 25268 | Orc:2    | Found Iceoz's Weapon Shoppe.
 25610 | Orc:2    | Found a staircase to the Elven Halls.
 26095 | Orc:2    | Reached skill level 5 in Air Magic
 27409 | Orc:2    | Found Lipo's Assorted Antiques.
 27409 | Orc:2    | Found Tukhlase's Armour Emporium.
 27410 | Orc:2    | Found Amynga's Assorted Antiques.
 27410 | Orc:2    | Found Jitrejic's Distillery.
 27420 | Orc:2    | Bought a potion of heal wounds for 65 gold pieces
 27420 | Orc:2    | Bought a potion of invisibility for 104 gold pieces
 27423 | Orc:2    | Bought a scroll of teleportation for 87 gold pieces
 27639 | D:11     | Killed ragingrage's ghost
 28302 | D:12     | Found a frozen archway.
 28327 | IceCv    | Entered an ice cave
 29056 | IceCv    | Noticed a reaper
 29071 | IceCv    | Killed a reaper
 29071 | IceCv    | Received a gift from Okawaru
 29072 | IceCv    | Reached XP level 15. HP: 16/138 MP: 13/24
 29626 | D:12     | Found a transporter.
 29642 | D:12     | Found a transporter.
 29793 | D:12     | Found a transporter.
 30407 | D:12     | Found a transporter.
 30604 | D:12     | Reached skill level 16 in Long Blades
 31165 | D:13     | Found a transporter.
 31171 | D:13     | Found a corrupted altar of Lugonu.
 31893 | D:13     | Noticed Urug
 31902 | D:13     | Killed Urug
 32448 | D:13     | Found a gate to the Vaults.
 32746 | D:13     | Found a transporter.
 33013 | D:14     | Noticed Jorgrun
 33023 | D:14     | Killed Jorgrun
 33663 | D:14     | Reached skill level 15 in Fighting
 34326 | D:15     | Entered Level 15 of the Dungeon
 34420 | D:15     | Noticed Rupert
 34427 | D:15     | Paralysed by Rupert for 3 turns
 34607 | D:15     | Identified the +0 pair of boots "Wimokuysk" {rElec Will+}
                  | (Okawaru gifted it to you on level 15 of the Dungeon)
 34607 | D:15     | Received a gift from Okawaru
 34899 | D:15     | Found a hide-covered altar of Uskayaw.
 35217 | D:15     | Paralysed by Rupert for 4 turns
 35225 | D:15     | Killed Rupert
 35722 | D:15     | Found a staircase to the Depths.
 35791 | D:15     | Identified Roxanne's Almanac of the Body
 35791 | D:15     | Noticed Roxanne
 36183 | Snake:1  | Entered Level 1 of the Snake Pit
 36314 | Snake:1  | Noticed Aizul
 36328 | Snake:1  | Killed Aizul
 36866 | Snake:1  | HP: 7/141 [salamander (8)]
 36866 | Snake:1  | Mangled by a naga warrior

Illustrated notes

Levels and vault maps discovered:
D:1:      scummos_arrival_simple_crosswalls, layout_rooms
D:2:      layout_loops_corners, nrook_campfire, uniq_robin
D:3:      layout_basic, serial_park_tiny_2
D:4:      layout_basic, minmay_temple_entry_stoned_glass
D:5:      layout_layer_cave
D:6:      layout_rooms, serial_curves, eino_curves_02, eino_curves_01
D:7:      layout_basic, zin_statuary, enter_bailey_6, uniq_crazy_yiuf_cottage,
          uniq_maggie
D:8:      layout_loops_cross, special_room [special_room_orc], uniq_maurice
D:9:      layout_loops_ring, minitemple
D:10:     layout_irregular_city, mainiacjoe_overflow_boulevard, erik_orc_3,
          serial_shops, kennysheep_little_box, minivault_4
D:11:     layout_basic, david_lair_shrubbed, gammafunk_ghost_ooze,
          chequers_big_river, nicolae_hepliaklqana_hippocampus
D:12:     layout_long_grid, portal_ice_cave_entry_imps, special_room
          [special_room_bee], nicolae_transporter_intersection
D:13:     gammafunk_corrupted_shrine, layout_layer_cave, david_vaults_4,
          uniq_urug
D:14:     layout_grid_maze, abandoned_shop, minmay_checkerbox, uniq_jorgrun
D:15:     grunt_enter_depths_hoard, layout_cave_pools,
          nicolae_uskayaw_en_pointe, uniq_rupert, uniq_roxanne
Temple:   nicolae_temple_ecumenical_triangle
Lair:1:   layout_cave_pods, beast_lair_carwin_4, lemuel_fruit_fields,
          grunt_megastairs_4
Lair:2:   layout_long_grid, nicolae_snake_entry_squirm, st_stairs_11
Lair:3:   nzn_winding_woodlands_medium [nzn_winding_woodlands_5x5_default,
          nzn_winding_woodlands_5x15_river_crossing,
          nzn_winding_woodlands_5x5_default,
          nzn_winding_woodlands_5x5_checkerboard,
          nzn_winding_woodlands_center_pierced_h,
          nzn_winding_woodlands_hourglass, nzn_winding_woodlands_5x5_cross,
          nzn_winding_woodlands_5x15_twine,
          nzn_winding_woodlands_5x5_perimeter], layout_gridlike,
          elwin_shoals_entry_rocks
Lair:4:   layout_cave_pods, minmay_slime_entry_oklob_enclosed, uniq_sonja
Lair:5:   gammafunk_lair_ancient_temple, layout_gridlike, gammafunk_ghost_hive
Snake:1:  layout_chambers, st_stairs_9, nicolae_snake_salamander_zone,
          minmay_shop_grove, uniq_aizul
Orc:1:    layout_caves, uniq_snorg
Orc:2:    st_orc_pillars, layout_caves, serial_shops,
          nicolae_shop_bloodbath_and_beyond

Skill      XL: |  1  2  3  4  5  6  7  8  9 10 11 12 13 14 15 |
---------------+----------------------------------------------+-----
Long Blades    | 4 5 6 7 8 10 11 12 13 14 15 16 | 16.9
Translocations | 1 2 4 5 7 8 |  8.3
Spellcasting   | 3 5 6 8 |  8.1
Air Magic      | 3 4 6 |  6.5
Shields        | 2 3 |  3.3
Dodging        | 3 5 |  5.1
Fighting       | 3 6 8 11 12 14 15 | 15.6
Necromancy     | 3 |  3.4
Invocations    | 3 7 10 | 10.1
Conjurations   | 5 6 7 |  7.0
Fire Magic     | 3 |  3.0

Action                   |  1- 3 |  4- 6 |  7- 9 | 10-12 | 13-15 || total
-------------------------+-------+-------+-------+-------+-------++-------
Melee: Falchion          |   120 |   225 |   241 |   222 |       ||   808
       Tailslap          |    11 |    23 |    22 |   119 |   253 ||   428
       Punch             |       |     1 |     1 |       |       ||     2
       Long sword        |       |       |       |   595 |  1307 ||  1902
       Great sword       |       |       |       |       |   116 ||   116
       Scimitar          |       |       |       |       |     2 ||     2
Throw: Dart              |       |       |       |    16 |    98 ||   114
 Cast: Kiss of Death     |     1 |     6 |     5 |     6 |     5 ||    23
       Momentum Strike   |     5 |    15 |    14 |    15 |     8 ||    57
       Blink             |       |     1 |     1 |     1 |     4 ||     7
       Vhi's Electric Ch |       |       |    10 |    31 |    64 ||   105
       Manifold Assault  |       |       |    11 |    35 |    42 ||    88
       Arcjolt           |       |       |       |       |    41 ||    41
       Sticky Flame      |       |       |       |       |    33 ||    33
Invok: Heroism           |       |       |       |     5 |    12 ||    17
       Finesse           |       |       |       |     2 |     8 ||    10
       Duel              |       |       |       |       |     1 ||     1
 Abil: Breathe Fire      |       |       |    28 |    44 |    66 ||   138
Evoke: Wand              |       |     3 |     3 |     5 |     6 ||    17
  Use: Potion            |     1 |     1 |     6 |     3 |    14 ||    25
       Scroll            |       |     5 |     9 |     5 |    20 ||    39
 Stab: Distracted        |       |     2 |     1 |       |       ||     3
       Sleeping          |       |     1 |       |     1 |       ||     2
       Petrified         |       |       |       |       |     2 ||     2
Armor: Skin              |    37 |    58 |    64 |   311 |   860 ||  1330
Dodge: Dodged            |    74 |   149 |   102 |   425 |   856 ||  1606
Block: Buckler           |       |       |    20 |   180 |   295 ||   495
       Reflection        |       |       |       |     2 |       ||     2
       Other             |       |       |       |       |     5 ||     5

Table legend: (Time is in decaauts)
 A = Elapsed time spent in this place.
 B = Non-inter-level travel time spent in this place.
 C = Inter-level travel time spent in this place.
 D = Time resting spent in this place.
 E = Time spent auto-exploring this place.
 F = Levels seen in this place.
 G = Mean time per level.
                   A        B        C        D        E       F      G
               +--------+--------+--------+--------+--------+-----+--------+
         Total |  36398 |  34353 |   2045 |  12136 |  15674 |  26 | 1399.9 |
       Dungeon |  20984 |  19729 |   1255 |   5914 |  10327 |  15 | 1398.9 |
        Temple |     45 |     41 |      4 |      0 |     30 |   1 |   45.0 |
          Lair |  10689 |   9989 |    700 |   3765 |   4232 |   5 | 2137.8 |
     Snake Pit |    520 |    520 |      0 |    313 |     96 |   1 |  520.0 |
  Orcish Mines |   2967 |   2881 |     86 |   1440 |    767 |   2 | 1483.5 |
      Ice Cave |   1166 |   1166 |      0 |    692 |    222 |   1 | 1166.0 |
         Arena |     24 |     24 |      0 |     11 |      0 |   1 |   24.0 |
               +--------+--------+--------+--------+--------+-----+--------+

Top non-repeatable levels by time:
  Lair:4: 2704 daAuts
    D:11: 2584 daAuts
  Lair:3: 2479 daAuts
     D:7: 2036 daAuts
  Lair:5: 1983 daAuts
    D:13: 1915 daAuts
    D:14: 1899 daAuts
  Lair:1: 1803 daAuts
   Orc:2: 1771 daAuts
  Lair:2: 1718 daAuts
     D:8: 1518 daAuts
     D:9: 1279 daAuts
     D:5: 1278 daAuts
     D:2: 1269 daAuts
    D:10: 1216 daAuts
